 Dungeon Crawl Stone Soup version 0.23-a0-183-gf37f6fb (webtiles) character file.

66 George the Slasher (level 3, -3/31 HPs)
             Began as a Minotaur Fighter on Sept 22, 2018.
             Slain by Robin
             ... wielding a +3 spear of venom
              (4 damage)
             ... on level 2 of the Dungeon.
             The game lasted 00:01:27 (956 turns).

George the Slasher (Minotaur Fighter)                Turns: 956, Time: 00:01:28

Health: -3/31      AC:  6    Str: 21    XL:     3   Next: 96%
Magic:  2/2        EV: 12    Int:  5    God:
Gold:   74         SH:  9    Dex: 14    Spells: 2/2 levels left

rFire    . . .     SeeInvis .   a - +0 long sword
rCold    . . .     Gourm    .   c - +0 shield
rNeg     . . .     Faith    .   b - +0 scale mail
rPois    .         Spirit   .   (helmet restricted)
rElec    .         Reflect  .   (no cloak)
rCorr    .         Harm     .   (no gloves)
MR       .....                  (no boots)
Stlth    +.........             (no amulet)
HPRegen  0.10/turn              (no ring)
MPRegen  0.08/turn              (no ring)

@: agile, lethally poisoned (-3 -> -24)
A: retaliatory headbutt, horns 2
a: no special abilities


You were on level 2 of the Dungeon.
You were not hungry.

You visited 1 branch of the dungeon, and saw 2 of its levels.

You collected 74 gold pieces.

Inventory:

Hand Weapons
 a - a +0 long sword (weapon)
Armour
 b - a +0 scale mail (worn)
 c - a +0 shield (worn)
 k - a +0 large shield
Scrolls
 e - 2 scrolls of blinking {unknown}
 g - 3 scrolls of identify {unknown}
 j - a scroll of amnesia {unknown}
 l - a scroll of enchant weapon {unknown}
Potions
 d - 3 potions of might
 i - a potion of haste {unknown}
 m - a potion of invisibility {unknown}
 n - a potion of degeneration {unknown}
 o - a potion of flight {unknown}
Comestibles
 f - 5 rations


   Skills:
 - Level 3.6 Fighting
 + Level 5.2 Long Blades
 - Level 3.6 Armour
 - Level 3.6 Shields


You had 2 spell levels left.
You didn't know any spells.
Your spell library was empty.

Dungeon Overview and Level Annotations

Branches:
Dungeon (2/15)

Altars:

Annotations:
D:1 dig
D:2 Robin


Innate Abilities, Weirdness & Mutations

You reflexively headbutt those who attack you in melee.
You have a pair of horns on your head.


Message History

Robin hits you from afar with a spear of venom.
* * * LOW HITPOINT WARNING * * *
You are more poisoned.
The hobgoblin completely misses you. The hobgoblin hits you with a club.
* * * LOW HITPOINT WARNING * * *
The goblin closely misses you. The goblin hits you but does no damage.
You block the hobgoblin's attack. Robin barely misses you.
It was a potion of agility.
You feel agile all of a sudden.
* * * LOW HITPOINT WARNING * * *
You feel sick.
The goblin no longer looks unusually strong.
The hobgoblin barely misses you. x2; The goblin barely misses you.
You furiously retaliate!
You headbutt the goblin!
You kill the goblin!
You block the goblin's attack. The hobgoblin closely misses you.
You furiously retaliate!
You headbutt the hobgoblin!
You kill the hobgoblin!
Robin hits you from afar with a spear of venom.
You die...

##########........#
...........#....#.#..
......................
..........>...........
..........###.###.#..#
..........#...........
...)..ggw.............
######)g###...(....###
#@g# #........... #.g#
#........## #..#
##......##
#..#.##......####
..................
#.....##..(...####.
#.$.......†...# ##.
#.....#######(# #..
..[...#.....#.###..


You could see a worm, Robin, 3 hobgoblins and a goblin.

Vanquished Creatures
  An adder (D:2)
  A worm (D:2)
  2 leopard geckos
  A giant cockroach (D:1)
  9 goblins
  9 hobgoblins
  4 jackals (D:2)
  A quokka (D:2)
  6 bats
  2 frilled lizards (D:2)
  7 kobolds
  5 rats
48 creatures vanquished.

Notes
Turn   | Place    | Note
-------+----------+-------------------------------------------
     0 | D:1      | George the Minotaur Fighter began the quest for the Orb.
     0 | D:1      | Reached XP level 1. HP: 19/19 MP: 0/0
    10 | D:1      | Noticed an ogre
    54 | D:1      | Reached skill level 3 in Long Blades
    83 | D:1      | Reached XP level 2. HP: 23/26 MP: 1/1
   421 | D:2      | Reached skill level 4 in Long Blades
   444 | D:2      | Reached XP level 3. HP: 14/31 MP: 2/2
   916 | D:2      | Reached skill level 5 in Long Blades
   933 | D:2      | Noticed Robin
   956 | D:2      | HP: 1/31 [poisoned by Robin]
   956 | D:2      | Slain by Robin

Vault maps used:
D:1:      evilmike_arrival_come_back
D:2:      uniq_robin

Skill      XL: |  1  2  3 |
---------------+----------+-----
Long Blades    | 3 4 5 |  5.2
Fighting       | |  3.6
Armour         | |  3.6
Shields        | |  3.6

Action                   || total
-------------------------++-------
Melee: Long sword        ||    86
       Headbutt          ||    13
  Use: Potion            ||     1
Armor: Scale mail        ||    66
Dodge: Dodged            ||    53
Block: Shield            ||    56
       Rpst.: Long sword ||     7

Table legend:
 A = Non-vault XP
 B = Vault XP
 C = Vault XP percentage of total XP
 D = Non-vault monster count
 E = Vault monster count
 F = Vault count percentage of total count
                 A         B        C        D         E       F
            +---------+---------+-------+---------+---------+-------
      Total |      79 |      16 |  16.8 |      40 |       8 |  16.7
            +---------+---------+-------+---------+---------+-------
        D:1 |      28 |       0 |   0.0 |      17 |       0 |   0.0
        D:2 |      51 |      16 |  23.9 |      23 |       8 |  25.8
            +---------+---------+-------+---------+---------+-------
